 Dungeon Crawl Stone Soup version 0.30-a0-867-g305f33218d (webtiles) character file.

Game seed: 15034069691546932581

298 Ijustatesigmund the Firebug (level 6, -2/38 (44) HPs)
             Began as a Gnoll Fire Elementalist on Mar 10, 2023.
             Was an Initiate of Cheibriados.
             Slain by Edmund
             ... wielding a +5 dire flail of draining
              (10 damage)
             ... on level 4 of the Dungeon.
             The game lasted 00:06:26 (3805 turns).

Ijustatesigmund the Firebug (GnFE)                  Turns: 3805, Time: 00:06:27

HP:   -2/38 (44)    AC:  4    Str:  8    XL:     6   Next: 36%
MP:   5/14          EV: 14    Int: 17    God:    Cheibriados [......]
Gold: 208           SH:  0    Dex: 14    Spells: 9/15 levels left

rFire   + . .      SeeInvis .    c - +1 short sword
rCold   . . .      Faith    .    (no shield)
rNeg    . . .      Spirit   .    a - +0 robe
rPois   .          Reflect  .    (no helmet)
rElec   .          Rampage  .    g - +0 cloak
rCorr   .                        s - +0 pair of gloves
Will    .....                    (no boots)
Stlth   +++                      (no amulet)
HPRegen 0.26/turn                i - ring of wizardry
MPRegen 0.14/turn                k - ring of protection from fire

@: heavily drained, very slow
A: fangs 1, strong nose, distributed training
a: Renounce Religion


You were on level 4 of the Dungeon.
You worshipped Cheibriados.
Cheibriados was noncommittal.
You visited 2 branches of the dungeon, and saw 5 of its levels.

You collected 208 gold pieces.

Inventory:

Hand Weapons
 c - a +1 short sword (weapon)
Armour
 a - a +0 robe (worn)
 g - a +0 cloak (worn)
 q - the +4 scale mail "Xeleki Hugh" {Str+3}
   (You found it on level 3 of the Dungeon)

   Str:       It affects your strength (+3).
 s - a +0 pair of gloves (worn)
Jewellery
 i - a ring of wizardry (left hand)
 k - a ring of protection from fire (right hand)
Wands
 f - a wand of flame (10)
Scrolls
 h - a scroll of blinking
 n - a scroll of enchant weapon
 r - 2 scrolls of identify
 t - a scroll of magic mapping {unknown}
 u - a scroll of fear {unknown}
Potions
 b - a potion of magic
 d - 6 potions of might
 e - 2 potions of curing {unknown}
 j - a potion of attraction {unknown}
 l - 3 potions of invisibility {unknown}
 m - a potion of brilliance {unknown}
 o - a potion of lignification {unknown}
 p - a potion of mutation {unknown}


   Skills:
 + Level 2.0 Fighting
 + Level 2.0 Short Blades
 + Level 2.0 Long Blades
 + Level 2.0 Axes
 + Level 2.0 Maces & Flails
 + Level 2.0 Polearms
 + Level 2.0 Staves
 + Level 2.0 Ranged Weapons
 + Level 2.0 Throwing
 + Level 2.0 Armour
 + Level 5.0 Dodging
 + Level 4.6 Stealth
 + Level 2.0 Shields
 + Level 2.0 Unarmed Combat
 + Level 5.4 Spellcasting
 + Level 2.6 Conjurations
 + Level 1.6 Hexes
 + Level 1.6 Summonings
 + Level 1.6 Necromancy
 + Level 1.6 Translocations
 + Level 1.6 Transmutations
 + Level 5.7 Fire Magic
 + Level 1.6 Ice Magic
 + Level 1.6 Air Magic
 + Level 1.6 Earth Magic
 + Level 1.6 Poison Magic
 + Level 2.2 Invocations
 + Level 2.0 Evocations


You had 9 spell levels left.
You knew the following spells:

 Your Spells              Type           Power      Damage    Failure   Level
a - Foxfire               Conj/Fire      72%        2x1d7     1%          1
b - Scorch                Fire           46%        2d7       1%          2
c - Mephitic Cloud        Conj/Pois/Air  11%        N/A       8%          3

Your spell library contained the following spells:

 Spells                   Type           Power      Damage    Failure   Level
 Magic Dart               Conj           52%        1d5       1%          1
 Inner Flame              Hex/Fire       17%        N/A       3%          3
 Call Imp                 Summ           10%        N/A       4%          2
 Kindle Blastsparks       Fire/Tloc/Air  28%        2d12      4%          3
 Flame Wave               Conj/Fire      18%        2d7       10%         4


Dungeon Overview and Level Annotations

Branches:
Dungeon (4/15)             Temple (1/1) D:4

Altars:
Ashenzari
Cheibriados
Elyvilon
Hepliaklqana
Nemelex Xobeh
Okawaru
Qazlal
Trog
Uskayaw
Vehumet
Wu Jian

Annotations:
D:3 3 runed translucent doors, zammaz's ghost, weakling DEFE
D:4 Edmund


Innate Abilities, Weirdness & Mutations

You have very sharp teeth.
Your uncanny sense of smell can sniff out nearby items.
Your experience applies equally to all skills.


Message History

Casting: Foxfire (safe; 1% risk of failure)
Confirm with . or Enter, or press ? or * to list all spells.
Flames lash Edmund.
Edmund is lightly wounded.
Edmund's fire resistance burns away.
Edmund misses you. Edmund barely misses you.
Casting: Scorch (safe; 1% risk of failure)
Confirm with . or Enter, or press ? or * to list all spells.
You conjure some foxfire!
Edmund says, "People accused me of being a cutpurse!"
Edmund barely misses you.
Edmund is no longer more vulnerable to fire.
The foxfire hits Edmund but does no damage.
Edmund is lightly wounded.
The foxfire hits Edmund but does no damage.
Edmund is lightly wounded.
Edmund barely misses you.
Casting: Foxfire (safe; 1% risk of failure)
Confirm with . or Enter, or press ? or * to list all spells.
Flames lash Edmund.
Edmund is lightly wounded.
Edmund's fire resistance burns away.
Edmund closely misses you. Edmund completely misses you.
Okay, then.
Casting: Scorch (safe; 1% risk of failure)
Confirm with . or Enter, or press ? or * to list all spells.
You conjure some foxfire!
Edmund hits you with a +5 dire flail of draining!
* * * LOW HITPOINT WARNING * * *
You feel drained.
* * * LOW HITPOINT WARNING * * *
Edmund is no longer more vulnerable to fire.
The foxfire hits Edmund.
Edmund is lightly wounded.
The foxfire hits Edmund.
Edmund is moderately wounded.
Edmund closely misses you. Edmund attacks as you move away!
Edmund hits you with a +5 dire flail of draining!
You die...

#
#....##.########.#
# #.......# #.#
###.#####
####.#### #.#
#..)....#
#.##.##.#
#..#.##.#
#....##.#
##..####.# #§@@#
#.# +...§.......#
####...######
##..# ##.# #.# ..<
#.#


You could see Edmund.

Vanquished Creatures
  A black bear (D:4)
  A phantom (D:3)
  An iguana (D:4)
  4 adders
  An ufetubus (D:3)
  2 worms (D:2)
  5 bats
  5 endoplasms
  6 giant cockroaches
  8 goblins
  3 hobgoblins (D:1)
  2 jackals (D:3)
  7 kobolds
  2 quokkas (D:1)
  2 ball pythons
  2 frilled lizards
  8 rats
60 creatures vanquished.

Vanquished Creatures (others)
  156 foxfires
156 creatures vanquished.

Grand Total: 216 creatures vanquished

Notes
Turn   | Place    | Note
-------+----------+-------------------------------------------
     0 | D:1      | Ijustatesigmund the Gnoll Fire Elementalist began the quest
                  | for the Orb.
     0 | D:1      | Reached XP level 1. HP: 13/13 MP: 6/6
   181 | D:1      | Reached XP level 2. HP: 19/19 MP: 3/7
   357 | D:1      | Learned a level 2 spell: Scorch
   913 | D:1      | Reached skill level 5 in Spellcasting
   913 | D:1      | Reached XP level 3. HP: 25/25 MP: 5/9
  1109 | D:2      | Reached skill level 1 in Invocations
  1239 | D:2      | Identified the +0 robe of the Tundras {Harm *Slow rC+
                  | Str+3}
  1316 | D:2      | Reached skill level 1 in Fighting
  1316 | D:2      | Reached skill level 1 in Short Blades
  1316 | D:2      | Reached skill level 1 in Long Blades
  1316 | D:2      | Reached skill level 1 in Axes
  1316 | D:2      | Reached skill level 1 in Maces & Flails
  1316 | D:2      | Reached skill level 1 in Polearms
  1316 | D:2      | Reached skill level 1 in Staves
  1316 | D:2      | Reached skill level 1 in Ranged Weapons
  1316 | D:2      | Reached skill level 1 in Throwing
  1316 | D:2      | Reached skill level 1 in Armour
  1316 | D:2      | Reached skill level 1 in Shields
  1316 | D:2      | Reached skill level 1 in Unarmed Combat
  1316 | D:2      | Reached skill level 1 in Evocations
  1593 | D:2      | Reached XP level 4. HP: 16/32 MP: 1/11
  1935 | D:2      | Found a faded altar of an unknown god.
  2184 | D:3      | Found a runed translucent gate.
  2184 | D:3      | Found a runed translucent gate.
  2184 | D:3      | Found a runed translucent gate.
  2184 | D:3      | Noticed zammaz's ghost (weakling DEFE)
  2261 | D:3      | Reached skill level 1 in Hexes
  2261 | D:3      | Reached skill level 1 in Summonings
  2261 | D:3      | Reached skill level 1 in Necromancy
  2261 | D:3      | Reached skill level 1 in Translocations
  2261 | D:3      | Reached skill level 1 in Transmutations
  2261 | D:3      | Reached skill level 1 in Ice Magic
  2261 | D:3      | Reached skill level 1 in Air Magic
  2261 | D:3      | Reached skill level 1 in Earth Magic
  2261 | D:3      | Reached skill level 1 in Poison Magic
  2373 | D:3      | Identified the +4 scale mail "Xeleki Hugh" {Str+3}
  2729 | D:3      | Noticed a phantom
  2736 | D:3      | Killed a phantom
  2737 | D:3      | Reached XP level 5. HP: 37/37 MP: 6/12
  3067 | D:4      | Learned a level 3 spell: Mephitic Cloud
  3237 | D:4      | Noticed a black bear
  3245 | D:4      | Killed a black bear
  3246 | D:4      | Reached skill level 5 in Dodging
  3246 | D:4      | Reached XP level 6. HP: 44/44 MP: 7/14
  3325 | D:4      | Found a bloodstained altar of Trog.
  3372 | D:4      | Found a staircase to the Ecumenical Temple.
  3379 | Temple   | Entered the Ecumenical Temple
  3554 | Temple   | Became a worshipper of Cheibriados the Contemplative
  3789 | D:4      | Noticed Edmund
  3805 | D:4      | Slain by Edmund

Illustrated notes

Levels and vault maps discovered:
D:1:      psy_arrival_radial01, layout_rooms, kennysheep_flooded_box
D:2:      layout_loops_ring, ebering_ecumenical_altar_webs, minmay_tripent
D:3:      layout_basic, ebering_ghost_rock_garden
D:4:      minmay_chambers_of_twos, layout_loops_corners,
          grunt_gozag_breadcrumbs, mainiacjoe_overflow_paths,
          minmay_temple_entry_tees, serial_shops, shop, nicolae_hexahallways,
          uniq_eustachio, uniq_robin, uniq_edmund
Temple:   nicolae_temple_bog_church

Skill      XL: |  1  2  3  4  5 |
---------------+----------------+-----
Conjurations   | 2 |  2.6
Spellcasting   | 5 |  5.4
Invocations    | 1 2 |  2.2
Fighting       | 1 2 |  2.0
Short Blades   | 1 2 |  2.0
Long Blades    | 1 2 |  2.0
Axes           | 1 2 |  2.0
Maces & Flails | 1 2 |  2.0
Polearms       | 1 2 |  2.0
Staves         | 1 2 |  2.0
Ranged Weapons | 1 2 |  2.0
Throwing       | 1 2 |  2.0
Armour         | 1 2 |  2.0
Shields        | 1 2 |  2.0
Unarmed Combat | 1 2 |  2.0
Evocations     | 1 2 |  2.0
Hexes          | 1 |  1.6
Summonings     | 1 |  1.6
Necromancy     | 1 |  1.6
Translocations | 1 |  1.6
Transmutations | 1 |  1.6
Ice Magic      | 1 |  1.6
Air Magic      | 1 |  1.6
Earth Magic    | 1 |  1.6
Poison Magic   | 1 |  1.6
Dodging        | 5 |  5.0
Stealth        | |  4.6
Fire Magic     | |  5.7

Action                     |  1- 3 |  4- 6 || total
---------------------------+-------+-------++-------
  Melee: Short sword       |    19 |    14 ||    33
         Bite              |     1 |     1 ||     2
   Cast: Foxfire           |    53 |    40 ||    93
         Scorch            |    15 |    13 ||    28
         Mephitic Cloud    |       |     1 ||     1
    Use: Scroll            |     6 |       ||     6
 Armour: Robe              |    11 |     8 ||    19
  Dodge: Dodged            |    29 |    28 ||    57

Table legend: (Time is in decaauts)
 A = Elapsed time spent in this place.
 B = Non-inter-level travel time spent in this place.
 C = Inter-level travel time spent in this place.
 D = Time resting spent in this place.
 E = Time spent auto-exploring this place.
 F = Levels seen in this place.
 G = Mean time per level.
                   A        B        C        D        E       F      G
               +--------+--------+--------+--------+--------+-----+--------+
         Total |   3852 |   3737 |    115 |    127 |   3119 |   5 |  770.4 |
       Dungeon |   3649 |   3574 |     75 |    127 |   2966 |   4 |  912.2 |
        Temple |    202 |    162 |     40 |      0 |    152 |   1 |  202.0 |
               +--------+--------+--------+--------+--------+-----+--------+

Top non-repeatable levels by time:
     D:2: 1127 daAuts
     D:1: 1023 daAuts
     D:3: 880 daAuts
     D:4: 618 daAuts
  Temple: 202 daAuts
